 Dungeon Crawl Stone Soup version 0.31-a0-210-gccc998df9b (webtiles) character file.

Game seed: 10505699911374694904

177 qw the Shooter (level 5, 0/45 HPs)
             Began as a Minotaur Hexslinger on June 29, 2023.
             Was an Initiate of Okawaru.
             Killed by divine providence
             ... invoked by an orc priest
              (9 damage)
             ... on level 4 of the Dungeon.
             The game lasted 00:01:06 (2683 turns).

qw the Shooter (Minotaur Hexslinger)                Turns: 2683, Time: 00:01:07

Health: 0/45       AC:  6    Str: 13    XL:     5   Next: 30%
Magic:  5/5        EV: 11    Int: 10    God:    Okawaru [......]
Gold:   273        SH:  0    Dex: 14    Spells: 5/6 levels left

rFire   . . .        Y - +2 sling
rCold   . . .        (no shield)
rNeg    . . .        d - +0 ring mail
rPois   .            (helmet restricted)
rElec   .            (no cloak)
rCorr   .            i - +0 pair of gloves
SInv    .            (no boots)
Will    .....        (no amulet) Stlth
                     (no ring)
HPRegen 0.27/turn    (no ring)
MPRegen 0.09/turn

%: no passive effects
@: confused
A: horns 2, retaliatory headbutt
a: Renounce Religion


You were on level 4 of the Dungeon.
You worshipped Okawaru.
Okawaru was noncommittal.
You visited 1 branch of the dungeon, and saw 4 of its levels.

You collected 273 gold pieces.


Innate Abilities, Weirdness & Mutations

You have a pair of horns on your head.
You reflexively headbutt those who attack you in melee.


   Skills:
 - Level 3.0 Fighting
 + Level 5.4 Ranged Weapons
 - Level 1.0 Armour
 - Level 2.1 Dodging
 - Level 1.0 Spellcasting
 - Level 2.0 Hexes


You had 5 spell levels left.
You knew the following spells:

 Your Spells              Type           Power      Damage    Failure   Level
a - Slow                  Hex            16%        N/A       32%         1

Your spell library contained the following spells:

 Spells                   Type           Power      Damage    Failure   Level
 Inner Flame              Hex/Fire       2%         N/A       82%         3
 Portal Projectile        Hex/Tloc       4%         N/A       82%         3
 Cause Fear               Hex            2%         N/A       97%         4

Inventory:

Hand Weapons
 Y - a +2 sling (weapon)
Armour
 d - a +0 ring mail (worn)
 i - a +0 pair of gloves (worn)
Scrolls
 l - a scroll of identify
Potions
 a - a potion of resistance {unknown}
 b - a potion of berserk rage {unknown}
 c - a potion of ambrosia {unknown}
 e - a potion of attraction {unknown}
 f - a potion of brilliance {unknown}
 g - a potion of mutation {unknown}
 h - a potion of haste
 j - 3 potions of heal wounds {unknown}

Dungeon Overview and Level Annotations

Branches:
Dungeon (4/15)
 Temple: D:4-7

Altars:
Ashenzari
Cheibriados
Hepliaklqana
Okawaru
The Shining One

Annotations:
D:3 exclusion: iron imp


Message History

The sling bullet closely misses the orc wizard.
The sling bullet barely misses the orc.
The sling bullet hits the orc priest!
The orc priest is heavily wounded.
You shoot a sling bullet. The sling bullet hits the orc wizard.
The orc wizard is heavily wounded.
The orc priest looks braver for a moment.
The orc wizard hits you but does no damage.
You shoot a sling bullet.
The sling bullet barely misses the orc wizard.
The sling bullet hits the orc!
You kill the orc!
Okawaru accepts your kill.
The orc priest looks braver for a moment.
The orc wizard hits you with a staff of death.
You shoot a sling bullet. The sling bullet hits the orc wizard.
The orc wizard is severely wounded.
The orc priest casts a cantrip, but nothing happens.
The orc wizard closely misses you.
You shoot a sling bullet. The sling bullet misses the orc wizard.
The sling bullet hits the orc priest.
The orc priest is almost dead.
The orc wizard points at you and mumbles some strange words.
You are confused.
The orc priest mumbles some strange prayers to Beogh against you.
Beogh smites you! The orc wizard casts a spell at you.
You are more confused.
The orc wizard closely misses you.
The orc priest mumbles some strange prayers to Beogh against you.
Beogh smites you!
The orc wizard hits you but does no damage.
The orc wizard hits you but does no damage.
You writhe in agony.
The orc wizard closely misses you.
The orc priest calls upon Beogh to heal the orc wizard.
The orc wizard is healed somewhat.
The orc wizard hits you with a staff of death.
The orc priest invokes the aid of Beogh against you.
Beogh smites you!
You die...

#### #..
#######.#######.
........@oo.....
#######.#######. #.#
#.....# #.###
#....## ....# #....#
.##.# #....#
.##.#######....#####
###.##....#...(....#
..........#........#


You could see an orc priest and an orc wizard.

Vanquished Creatures
  A hound (D:4)
  5 adders
  A worm (D:3)
  9 dart slugs
  2 orcs
  4 ball pythons
  8 endoplasms
  2 giant cockroaches
  6 goblins
  5 hobgoblins
  7 quokkas
  5 bats
  A frilled lizard (D:3)
  13 kobolds
  5 rats
74 creatures vanquished.

Notes
Turn   | Place    | Note
-------+----------+-------------------------------------------
     0 | D:1      | qw the Minotaur Hexslinger began the quest for the Orb.
     0 | D:1      | Reached XP level 1. HP: 16/16 MP: 1/1
     0 | D:1      | 0 ||| qw: Version: 0.3-a-24-ga2abf7b
     0 | D:1      | 0 ||| qw: Game counter: 6827
     0 | D:1      | 0 ||| qw: Melee chars always use a shield: true
     0 | D:1      | 0 ||| qw: God list: Okawaru
     0 | D:1      | 0 ||| qw: Allow faded altars: false
     0 | D:1      | 0 ||| qw: Do Orc after clearing Dungeon:15 true
     0 | D:1      | 0 ||| qw: Do second Lair branch before Depths: true
     0 | D:1      | 0 ||| qw: Lair rune preference: random
     0 | D:1      | 0 ||| qw: Goals: Normal
     0 | D:1      | 0 ||| PLANNING D:1-11
   160 | D:1      | Reached skill level 3 in Ranged Weapons
   160 | D:1      | Reached XP level 2. HP: 12/23 MP: 2/2
   280 | D:1      | 280 ||| FLEEEEING.
   733 | D:1      | Found a faded altar of an unknown god.
   737 | D:1      | 737 ||| UPGRADING to +0 ring mail.
   747 | D:1      | 747 ||| DROPPING +0 robe.
   748 | D:1      | 748 ||| UPGRADING to +0 pair of gloves.
   753 | D:1      | 753 ||| READING scroll labelled GIOSCHESIURE.
   754 | D:1      | 754 ||| READING scroll labelled VIORPHA XOUG.
   755 | D:1      | 755 ||| DROPPING scroll of poison.
   816 | D:2      | Reached XP level 3. HP: 29/29 MP: 3/3
   871 | D:2      | Reached skill level 4 in Ranged Weapons
   949 | D:2      | Found an iron altar of Okawaru.
   950 | D:2      | 950 ||| PLANNING OKAWARU WORSHIP
   955 | D:2      | Became a worshipper of Warmaster Okawaru
   956 | D:2      | 956 ||| PLANNING D:1-11
  1080 | D:2      | Reached skill level 1 in Armour
  1346 | D:2      | Reached XP level 4. HP: 36/36 MP: 4/4
  1634 | D:2      | 1634 ||| READING scroll labelled QEPYSU PUQIAS.
  1635 | D:2      | 1635 ||| READING scroll labelled PYIDUHASAG.
  1683 | D:3      | Found a snail-covered altar of Cheibriados.
  1689 | D:3      | 1689 ||| STAIRDANCE
  1703 | D:3      | Found a glowing golden altar of the Shining One.
  1718 | D:3      | Found a hazy altar of Hepliaklqana.
  1718 | D:3      | Found a broken altar of Ashenzari.
  1774 | D:3      | Reached skill level 5 in Ranged Weapons
  2034 | D:3      | 2034 ||| READING scroll labelled WUXKAD UFFOIRR.
  2268 | D:3      | 2268 ||| DROPPING ring of wizardry.
  2269 | D:3      | 2269 ||| READING scroll labelled LESEMI ZUEM.
  2270 | D:3      | 2270 ||| DRINKING 2 fizzy black potions.
  2320 | D:4      | Reached XP level 5. HP: 13/44 MP: 5/5
  2459 | D:4      | Reached skill level 3 in Fighting
  2538 | D:4      | 2538 ||| FLEEEEING.
  2539 | D:4      | 2539 ||| FLEEEEING.
  2540 | D:4      | 2540 ||| FLEEEEING.
  2541 | D:4      | 2541 ||| FLEEEEING.
  2543 | D:4      | 2543 ||| FLEEEEING.
  2544 | D:4      | 2544 ||| FLEEEEING.
  2546 | D:4      | 2546 ||| FLEEEEING.
  2547 | D:4      | 2547 ||| FLEEEEING.
  2548 | D:4      | 2548 ||| FLEEEEING.
  2549 | D:4      | 2549 ||| FLEEEEING.
  2550 | D:4      | 2550 ||| FLEEEEING.
  2551 | D:4      | 2551 ||| FLEEEEING.
  2552 | D:4      | 2552 ||| FLEEEEING.
  2553 | D:4      | 2553 ||| FLEEEEING.
  2554 | D:4      | 2554 ||| FLEEEEING.
  2555 | D:4      | 2555 ||| FLEEEEING.
  2556 | D:4      | 2556 ||| FLEEEEING.
  2557 | D:4      | 2557 ||| FLEEEEING.
  2682 | D:4      | HP: 8/45 [orc wizard/staff of death (4)]
  2683 | D:4      | Killed from afar by an orc priest

Levels and vault maps discovered:
D:1:      psy_arrival_dodecagon, layout_loops_ring,
          shapermc_ecumenical_altar_petra, minmay_misc_feat_hallway, hex_tiny,
          minmay_misc_feat_secret_circle, ebering_dispersal_statue_hall,
          minmay_unequal
D:2:      layout_loops_ring, basic_altar, grunt_decor_resistance,
          kennysheep_potato
D:3:      layout_rooms, demons_altar, grunt_temple_overflow_open
D:4:      layout_basic, nicolae_wu_jian_wuxing_cycle

Skill      XL: |  1  2  3  4  5 |
---------------+----------------+-----
Ranged Weapons | 3 4 5 |  5.4
Fighting       | 2 3 |  3.0
Armour         | 1 |  1.0
Dodging        | |  2.1
Spellcasting   | |  1.0
Hexes          | |  2.0

Action                     |  1- 3 |  4- 6 || total
---------------------------+-------+-------++-------
   Fire: Sling             |   116 |   128 ||   244
    Use: Scroll            |     2 |     4 ||     6
         Potion            |       |     1 ||     1
 Armour: Robe              |     6 |       ||     6
         Ring mail         |    12 |    28 ||    40
  Dodge: Dodged            |    28 |    44 ||    72

Table legend:
 A = Non-vault XP
 B = Vault XP
 C = Vault XP percentage of total XP
 D = Non-vault monster count
 E = Vault monster count
 F = Vault count percentage of total count
                 A         B        C        D         E       F
            +---------+---------+-------+---------+---------+-------
      Total |     245 |       8 |   3.2 |      70 |       4 |   5.4
            +---------+---------+-------+---------+---------+-------
        D:1 |      34 |       5 |  12.8 |      20 |       2 |   9.1
        D:2 |      68 |       3 |   4.2 |      20 |       2 |   9.1
        D:3 |      78 |       0 |   0.0 |      19 |       0 |   0.0
        D:4 |      65 |       0 |   0.0 |      11 |       0 |   0.0
            +---------+---------+-------+---------+---------+-------
